 Dungeon Crawl Stone Soup version 0.27-a0-906-g0a00ce863d (webtiles) character file.

Game seed: 2908865402752854536

124613 wakim the Martial Artist (level 16, 0/141 HPs)
             Began as an Octopode Transmuter on Apr 6, 2021.
             Was an Initiate of Gozag.
             Slain by an eleionoma (6 damage)
             ... on level 2 of the Swamp on Apr 7, 2021.
             The game lasted 01:43:22 (27142 turns).

wakim the Martial Artist (Octopode Transmuter)     Turns: 27142, Time: 01:43:23

Health: 0/141      AC: 17    Str: 14    XL:     16   Next: 93%
Magic:  22/25      EV: 12    Int: 28    God:    Gozag
Gold:   450        SH:  0    Dex: 12    Spells: 16/27 levels left

rFire    + . .     SeeInvis +     - Unarmed
rCold    . . .     Faith    .   (shield currently unavailable)
rNeg     + . .     Spirit   .   (helmet currently unavailable)
rPois    +         Reflect  .   a - amulet of regeneration
rElec    +         Harm     .   c - ring of see invisible
rCorr    .         Rampage  .   f - +4 ring of protection
Will     ++...                  l - +4 ring of protection
Stlth    ++++......             n - ring of Onib {rPois rF+ rN+ Str+4 Int+4}
HPRegen  1.33/turn              w - ring of Wu Jian's Benevolence {rElec rPois}
MPRegen  0.19/turn              p - +4 ring of slaying
                                d - ring of Fypoit {Wiz +Inv rPois Int+2}
                                L - ring of willpower

@: hydra-form
A: fast swimmer, devour, boosted hp, almost no armour, amphibious, 8 rings, very
large, (camouflage 1), (gelatinous body 1), (nimble swimmer 1), (tentacles)
a: End Transformation, Renounce Religion, Evoke Invisibility, Potion Petition,
Call Merchant, Bribe Branch


You were on level 2 of the Swamp.
You worshipped Gozag.
Gozag was aware of your devotion.
You were a seven-headed hydra.
You visited 5 branches of the dungeon, and saw 25 of its levels.

You collected 3906 gold pieces.
You spent 3311 gold pieces at shops.
You paid 145 gold pieces to Gozag.

Inventory:

Missiles
 o - 3 boomerangs of dispersal
 s - 5 atropa-tipped darts (quivered)
 y - 3 throwing nets
Armour
 h - a +0 kite shield (melded)
 H - the +0 mask of the Dragon (melded) {Will+ Slay+3 SInv}
   (You acquired it on level 2 of the Orcish Mines)

   It affects your accuracy and damage with ranged weapons and melee attacks
   (+3).
   It lets you see invisible.
   It increases your willpower.
Jewellery
 a - an amulet of regeneration (around neck)
 c - a ring of see invisible (left foreclaw)
 d - the ring of Fypoit (on tentacle) {Wiz +Inv rPois Int+2}
   (You bought it in a shop on level 8 of the Dungeon)

   [ring of wizardry]

   It improves your spell success rate.
   It affects your intelligence (+2).
   It protects you from poison.
   It lets you turn invisible.
 e - an amulet of the acrobat
 f - a +4 ring of protection (right foreclaw)
 j - a ring of flight
 l - a +4 ring of protection (on tentacle)
 n - the ring of Onib (on tentacle) {rPois rF+ rN+ Str+4 Int+4}
   (You bought it in a shop on level 8 of the Dungeon)

   [ring of positive energy]

   It affects your strength (+4).
   It affects your intelligence (+4).
   It protects you from fire.
   It protects you from poison.
   It protects you from negative energy.
 p - a +4 ring of slaying (on tentacle)
 w - the ring of Wu Jian's Benevolence (on tentacle) {rElec rPois}
   (You bought it in a shop on level 8 of the Dungeon)

   [ring of poison resistance]

   It insulates you from electricity.
   It protects you from poison.
 C - a ring of positive energy
 L - a ring of willpower (on tentacle)
 M - a ring of protection from fire
Wands
 i - a wand of charming (14)
 t - a wand of digging (10)
 u - a wand of mindburst (11)
 v - a wand of flame (100)
 x - a wand of iceblast (16)
 z - a wand of polymorph (24)
Scrolls
 b - a scroll of brand weapon
 g - 3 scrolls of amnesia
 k - a scroll of enchant armour
 q - 4 scrolls of enchant weapon
 r - 5 scrolls of identify
 R - 3 scrolls of magic mapping
 T - 5 scrolls of teleportation
 X - 2 scrolls of fog
Potions
 A - 2 potions of ambrosia
 B - 2 potions of attraction
 D - 7 potions of brilliance
 E - 4 potions of cancellation
 F - 9 potions of curing
 G - a potion of flight
 I - 3 potions of invisibility
 J - 4 potions of heal wounds
 K - 4 potions of magic
 N - 3 potions of might
Miscellaneous
 m - a phantom mirror


   Skills:
 + Level 10.3 Fighting
 + Level 12.9 Dodging
 + Level 8.4 Stealth
 - Level 8.0 Shields
 + Level 14.6 Unarmed Combat
 - Level 6.0 Spellcasting
 + Level 12.4 Transmutations
 - Level 4.0 Poison Magic
 - Level 9.0 Evocations


You had 16 spell levels left.
You knew the following spells:

 Your Spells              Type           Power      Damage    Failure   Level
a - Beastly Appendage     Tmut           100%       N/A       1%          1
b - Hydra Form            Tmut           34%        N/A       1%          5
c - Wereblood             Tmut           68%        N/A       1%          2
x - Spider Form           Tmut/Pois      26%        N/A       1%          3

Your spell library contained the following spells:

 Spells                   Type           Power      Damage    Failure   Level
 Ice Form                 Ice/Tmut       43%        N/A       1%          4
 Freeze                   Ice            32%        1d5       2%          1
 Frozen Ramparts          Ice            16%        1d3       8%          3
 Ozocubu's Armour         Ice            8%         N/A       8%          3
 Hailstorm                Conj/Ice       8%         3d4       24%         4
 Summon Ice Beast         Ice/Summ       8%         N/A       24%         4
 Bolt of Magma            Conj/Fire/Erth 4%         4d5       52%         5
 Iskenderun's Battlesphe  Conj           8%         2d6       52%         5
 Iron Shot                Conj/Erth      4%         9d2       97%         6
 Orb of Destruction       Conj           4%         9d2       100%        7
 Spellforged Servitor     Conj/Summ      4%         N/A       100%        7


Dungeon Overview and Level Annotations

Branches:
Dungeon (14/15)            Temple (1/1) D:6            Lair (6/6) D:8
  Swamp (1/4) Lair:4       Spider (0/4) Lair:2        Slime (0/5) Lair:6
    Orc (2/2) D:10            Elf (0/3) Orc:2        Vaults (0/5) D:13

Altars:
Cheibriados
Dithmenos
Elyvilon
Fedhas
Gozag
Hepliaklqana
Kikubaaqudgha
Makhleb
Okawaru
Qazlal
Sif Muna
Trog
Uskayaw
Vehumet
Wu Jian
Xom
Yredelemnul
Zin
The Shining One
Beogh
Jiyva

Shops:
D:8 ==   D:13 :   D:14 :   Orc:2 **!(

Annotations:
D:12 exclusion: oklob sapling
Swamp:2 Aizul, Nikola


Innate Abilities, Weirdness & Mutations

You are a seven-headed hydra.
You swim very quickly.
You can devour living enemies to heal.
Your maximum health is greatly increased.
Your armour is entirely melded.
You are incapable of wielding weapons or throwing items.
You cannot wear most types of armour.
You are amphibious.
You can wear up to eight rings at the same time.
((Your skin changes colour to match your surroundings (Stealth+).))
((Your rubbery body absorbs attacks. (AC +1, EV +1)))
((You are camouflaged near water. (Stealth+)))
((You have tentacles for arms and can constrict up to eight enemies at once.))


Message History

You closely miss Aizul.
Aizul is heavily wounded.
You gouge the eleionoma!!
You gouge the bunyip!!
Aizul hits you.
The eleionoma touches a tree and draws upon its vitality.
The eleionoma is healed.
You chomp Aizul!!!
Aizul is severely wounded.
You nip at the bunyip but do no damage.
You gouge the eleionoma!!
Aizul closely misses you.
You nip at Aizul.
Aizul is severely wounded.
You barely miss the bunyip.
You gouge the eleionoma!!
The bunyip claws you!!
* * * LOW HITPOINT WARNING * * *
The bunyip claws you!!
* * * LOW HITPOINT WARNING * * *
The bunyip claws you!
* * * LOW HITPOINT WARNING * * *
Aizul yawns, and then pretends she didn't.
Aizul coils herself and waves her upper body at you.
The bolt of poison hits you! You resist.
* * * LOW HITPOINT WARNING * * *
The eleionoma touches a tree and draws upon its vitality.
The eleionoma is healed.
Aizul hits you!
* * * LOW HITPOINT WARNING * * *
You nip at Aizul.
Aizul is severely wounded.
You barely miss the bunyip.
You gouge the eleionoma!!
The eleionoma barely misses you.
A spriggan rider comes into view. It is wielding a +0 spear.
Aizul closely misses you.
Okay, then.
You nip at Aizul.
Aizul is almost dead.
You bite the bunyip! You bite the eleionoma!
The spriggan rider drinks a potion.
The spriggan rider seems to speed up.
Aizul hits you!
* * * LOW HITPOINT WARNING * * *
The eleionoma hits you.
You die...
Your body crumbles into a pile of gold.

≈≈≈.≈≈≈≈♣♣♣.≈≈≈≈≈≈≈
........≈♣♣≈≈≈≈≈≈≈≈
♣≈.♣♣..≈♣.≈≈≈≈≈≈≈≈
♣♣♣♣≈≈≈......≈≈≈)≈≈..
♣♣≈.≈≈≈≈≈≈......♣..≈♣♣
♣≈♣≈.≈§≈≈≈≈..≈≈..≈≈.♣♣
♣♣.≈≈≈..>≈≈.≈≈≈.≈≈≈≈.♣
..♣≈..≈x......(≈..§≈≈≈.♣
♣.≈≈≈.SD≈≈..♣♣≈..♣.≈≈.♣♣
i...≈.R♣♣♣♣♣♣♣♣♣♣♣♣♣♣♣♣
.≈...♣♣ ♣♣♣♣


You could see Aizul, a bunyip, an eleionoma and a spriggan rider (fast).

Vanquished Creatures
  Louise (Swamp:1)
  Snorg (D:11)
  A great orb of eyes (D:14)
  A boulder beetle (D:14)
  A rakshasa (D:13)
  Harold (Orc:1)
  A ghost crab (Swamp:2)
  13 hydras
  A death knight (D:14)
  A centaur warrior (D:13)
  4 catoblepae
  8 two-headed ogres
  19 death yaks
  5 orc high priests (Orc:2)
  A goliath frog (Swamp:2)
  3 bog bodies (Swamp:2)
  A wizard (D:14)
  2 phantasmal warriors (D:14)
  11 orc knights
  A harpy (shapeshifter) (D:14)
  2 orc sorcerers (Orc:1)
  A wolf spider (Lair:2)
  4 ugly things (D:14)
  3 deep elf pyromancers
  6 manticores
  Maurice (D:12)
  3 cyclopes
  9 elephants
  5 black mambas
  6 cane toads
  2 gargoyles
  2 unseen horrors
  Maggie (D:8)
  A kobold demonologist (D:13)
  2 rime drakes (Lair:3)
  2 freezing wraiths (D:14)
  9 komodo dragons
  A polar bear (Lair:6)
  A bloated husk (Swamp:2)
  5 trolls
  7 slime creatures
  A tyrant leech (Lair:4)
  2 hornets (D:12)
  4 blink frogs (Lair:2)
  3 shadows
  A spriggan (shapeshifter) (D:14)
  3 wyverns
  50 yaks
  A wraith (D:14)
  A steam dragon (D:3)
  10 vampire mosquitoes
  5 basilisks
  6 swamp worms
  3 wargs
  6 acid dragons
  Duvessa (D:4)
  16 water moccasins
  35 orc warriors
  A black bear (D:6)
  2 ice beasts
  8 ogres
  3 necrophages
  7 wolves
  4 centaurs
  A phantom (D:5)
  6 kobold brigands
  15 bullfrogs
  2 gnoll sergeants
  Dowan (D:4)
  3 scorpions
  A wyvern skeleton (D:6)
  4 killer bees (D:11)
  12 wights
  9 howler monkeys
  An electric eel (D:14)
  A bullfrog zombie (D:6)
  5 centaur zombies
  3 gnoll shamans
  3 hounds
  2 jellies
  A centaur skeleton (D:5)
  36 orc priests
  3 bullfrog skeletons
  Ijyb (D:3)
  18 orc wizards
  A hell rat (Lair:5)
  A hound zombie (D:3)
  A howler monkey zombie (D:9)
  13 gnolls
  7 river rats (Lair:5)
  10 adders
  5 shadow imps
  An ufetubus (D:7)
  3 worms
  An adder skeleton (D:4)
  2 dart slugs
  108 orcs
  3 bats
  9 endoplasms
  6 giant cockroaches
  15 goblins
  4 hobgoblins
  16 jackals
  3 quokkas
  11 ball pythons
  3 frilled lizards
  22 kobolds
  17 rats
713 creatures vanquished.

Vanquished Creatures (others)
  2 dancing weapons (D:13)
  A centaur (D:12)
  A hobgoblin (D:3)
  35 fungi
  50 plants
  A withered plant (D:6)
90 creatures vanquished.

Grand Total: 803 creatures vanquished

Notes
Turn   | Place    | Note
-------+----------+-------------------------------------------
     0 | D:1      | wakim the Octopode Transmuter began the quest for the Orb.
     0 | D:1      | Reached XP level 1. HP: 13/13 MP: 3/3
    94 | D:1      | Reached skill level 1 in Stealth
   167 | D:1      | Reached XP level 2. HP: 14/18 MP: 3/5
   528 | D:1      | Reached XP level 3. HP: 23/23 MP: 4/6
   804 | D:1      | Learned a level 3 spell: Spider Form
  1099 | D:2      | Reached XP level 4. HP: 28/28 MP: 7/7
  1247 | D:2      | Found a faded altar of an unknown god.
  1264 | D:2      | Noticed a necrophage
  1274 | D:2      | Killed a necrophage
  1275 | D:2      | Reached skill level 4 in Unarmed Combat
  1275 | D:2      | Reached XP level 5. HP: 33/33 MP: 6/8
  1520 | D:3      | Found a shadowy altar of Dithmenos.
  1536 | D:3      | Found a transporter.
  1563 | D:3      | Found a transporter.
  1687 | D:3      | Found a stormy altar of Qazlal.
  1884 | D:3      | Found a blossoming altar of Fedhas.
  1896 | D:3      | Noticed Ijyb
  1920 | D:3      | Killed Ijyb
  1921 | D:3      | Reached skill level 1 in Poison Magic
  1921 | D:3      | Reached XP level 6. HP: 32/38 MP: 3/9
  1971 | D:3      | Noticed a water moccasin
  1973 | D:3      | Found a transporter.
  1979 | D:3      | Noticed a steam dragon
  1996 | D:3      | Found a transporter.
  2069 | D:3      | Reached skill level 5 in Unarmed Combat
  2233 | D:4      | Identified the +4 dagger of Siet {venom, rC+ Dex+3}
  2547 | D:4      | Found a shimmering blue altar of Sif Muna.
  2790 | D:4      | Noticed Dowan
  3391 | D:5      | Entered Level 5 of the Dungeon
  3482 | D:5      | Reached XP level 7. HP: 43/43 MP: 4/10
  4066 | D:5      | Reached XP level 8. HP: 42/48 MP: 11/11
  4106 | D:4      | Noticed Duvessa
  4122 | D:4      | Killed Duvessa
  4123 | D:4      | Reached skill level 5 in Dodging
  4123 | D:4      | Reached skill level 6 in Unarmed Combat
  4131 | D:4      | Killed Dowan
  5447 | D:6      | Reached skill level 7 in Unarmed Combat
  5487 | D:6      | Reached skill level 5 in Transmutations
  5487 | D:6      | Reached XP level 9. HP: 53/53 MP: 9/13
  5563 | D:6      | Found an ancient bone altar of Kikubaaqudgha.
  5682 | D:6      | Found a glowing golden altar of the Shining One.
  5735 | D:6      | Found a staircase to the Ecumenical Temple.
  5897 | D:7      | Learned a level 5 spell: Hydra Form
  6081 | D:7      | Reached skill level 5 in Stealth
  6147 | D:7      | Found a transporter.
  6148 | D:7      | Noticed a cyclops
  6149 | D:7      | Noticed a manticore
  6290 | D:7      | Identified the +1 scale mail of an ossuary {rC+ Dex+2
                  | Stlth+}
  6386 | D:7      | Found a transporter.
  6408 | D:7      | Reached skill level 8 in Unarmed Combat
  6497 | D:7      | Found an ornate altar of the Wu Jian Council.
  6561 | D:7      | Found a transporter.
  6561 | D:7      | Identified the +2 short sword of Shame {drain, rElec Str+4}
  6592 | D:7      | Found a transporter.
  6592 | D:7      | Found a transporter.
  6597 | D:7      | Noticed a two-headed ogre
  6849 | D:8      | Found Koxkuladd's Jewellery Shoppe.
  6985 | Temple   | Entered the Ecumenical Temple
  6993 | Temple   | Became a worshipper of Gozag Ym Sagoz the Greedy
  7415 | D:8      | Noticed a two-headed ogre
  7648 | D:8      | Found Fuicior's Jewellery Emporium.
  7793 | D:8      | Noticed Maggie
  7901 | D:8      | Found a staircase to the Lair.
  7912 | D:8      | Reached XP level 10. HP: 36/58 MP: 15/15
  8197 | D:8      | Killed Maggie
  8292 | D:8      | Found a burning altar of Makhleb.
  8349 | D:8      | Killed a two-headed ogre
  8350 | D:8      | Reached skill level 9 in Unarmed Combat
  8673 | D:9      | Identified the +7 hunting sling of Keuhyrer {vorpal, rN++
                  | Str-3}
  8768 | D:9      | Found a white marble altar of Elyvilon.
  9424 | D:9      | Found a hide-covered altar of Uskayaw.
  9449 | D:10     | Entered Level 10 of the Dungeon
  9449 | D:10     | Noticed a two-headed ogre
  9469 | D:10     | Killed a two-headed ogre
  9590 | D:10     | Reached XP level 11. HP: 57/70 MP: 13/17
  9887 | D:10     | Noticed a cyclops
  9902 | D:10     | Killed a cyclops
  9903 | D:10     | Reached skill level 5 in Fighting
  9956 | D:10     | Found a staircase to the Orcish Mines.
 10078 | D:10     | Found a basalt altar of Yredelemnul.
 10103 | D:10     | Reached skill level 10 in Unarmed Combat
 10187 | D:8      | Bought the ring of Wu Jian's Benevolence {rElec rPois} for
                  | 374 gold pieces
 10187 | D:8      | Bought the ring of Onib {rPois rF+ rN+ Str+4 Int+4} for 605
                  | gold pieces
 10839 | Lair:1   | Entered Level 1 of the Lair of Beasts
 11191 | Lair:1   | Noticed a six-headed hydra
 11678 | Lair:1   | Reached skill level 1 in Shields
 12245 | D:7      | Killed a manticore
 12261 | D:7      | Killed a cyclops
 12281 | D:7      | Reached skill level 5 in Spellcasting
 12342 | D:7      | Killed a two-headed ogre
 12343 | D:7      | Reached XP level 12. HP: 77/77 MP: 14/19
 12607 | Lair:2   | Noticed an eight-headed hydra
 12887 | Lair:2   | Reached skill level 10 in Dodging
 12887 | Lair:2   | Reached skill level 11 in Unarmed Combat
 13097 | Lair:2   | Noticed a four-headed hydra
 13110 | Lair:2   | Killed a four-headed hydra
 13341 | D:8      | Bought the ring of Fypoit {Wiz +Inv rPois Int+2} for 733
                  | gold pieces
 13576 | Lair:2   | Found a hole to the Spider Nest.
 13987 | Lair:3   | Noticed a death yak
 14226 | Lair:3   | Noticed a death yak
 14226 | Lair:3   | Noticed a death yak
 14365 | Lair:3   | Noticed a death yak
 14365 | Lair:3   | Noticed a death yak
 15208 | Lair:4   | Noticed a catoblepas
 15405 | Lair:3   | Killed a death yak
 15413 | Lair:3   | Killed a death yak
 15419 | Lair:3   | Killed a death yak
 15420 | Lair:3   | Reached XP level 13. HP: 84/84 MP: 19/22
 15664 | Lair:4   | Reached skill level 10 in Transmutations
 15841 | Lair:4   | Reached skill level 12 in Unarmed Combat
 16476 | Lair:4   | Found a staircase to the Swamp.
 16808 | Lair:5   | Reached skill level 1 in Evocations
 16848 | Lair:5   | Identified the +1 chain mail of the Engineer {Str+4}
 18002 | Lair:6   | Entered Level 6 of the Lair of Beasts
 18009 | Lair:5   | Learned a level 2 spell: Wereblood
 18342 | Lair:6   | Found a staircase to the Slime Pits.
 18344 | Lair:6   | Found a viscous altar of Jiyva.
 18718 | Lair:6   | Reached skill level 5 in Evocations
 18718 | Lair:6   | Reached XP level 14. HP: 92/92 MP: 20/23
 18890 | Lair:6   | Reached skill level 13 in Unarmed Combat
 19696 | Lair:6   | Identified the +6 flail of the Lurker {venom, rN+++ Str+2
                  | Int-5 Dex+3}
 20412 | D:11     | Noticed Snorg
 20421 | D:11     | Killed Snorg
 20629 | D:11     | Reached XP level 15. HP: 101/101 MP: 24/24
 21251 | D:12     | Reached skill level 5 in Shields
 21729 | D:12     | Noticed Maurice
 21744 | D:12     | Killed Maurice
 21947 | D:12     | Identified the Disquisition on Unstable Envenoming
 22209 | Orc:1    | Entered Level 1 of the Orcish Mines
 22387 | Orc:2    | Entered Level 2 of the Orcish Mines
 22633 | Orc:1    | Paralysed by an orc sorcerer for 6 turns
 22637 | Orc:1    | Noticed Harold
 22643 | Orc:1    | Killed Harold
 22747 | Orc:1    | Reached XP level 16. HP: 108/108 MP: 25/25
 22913 | Orc:2    | Found a staircase to the Elven Halls.
 23730 | Orc:2    | Reached skill level 14 in Unarmed Combat
 24152 | Orc:2    | Found Suek's Distillery.
 24152 | Orc:2    | Found Vitoas's Antique Weapon Emporium.
 24153 | Orc:2    | Found Arinuis's General Store.
 24153 | Orc:2    | Found Bekiahoz's General Store.
 24160 | Orc:2    | Bought a potion of curing for 51 gold pieces
 24160 | Orc:2    | Bought a potion of might for 68 gold pieces
 24160 | Orc:2    | Bought a potion of cancellation for 136 gold pieces
 24168 | Orc:2    | Bought a wand of mindburst (15) for 266 gold pieces
 24168 | Orc:2    | Bought a scroll of acquirement for 728 gold pieces
 24168 | Orc:2    | Bought a ring of willpower for 350 gold pieces
 24272 | Orc:2    | Acquired the +0 mask of the Dragon {Will+ Slay+3 SInv}
 24273 | Orc:2    | Found the +0 mask of the Dragon {Will+ Slay+3 SInv}
 24381 | Orc:2    | Found a bloodstained altar of Trog.
 24614 | D:13     | Found Piof's Book Emporium.
 25301 | D:13     | Found a gate to the Vaults.
 25681 | D:14     | Found an iron altar of Okawaru.
 25768 | D:14     | Found Wostymom's Book Shop.
 26128 | D:14     | Reached skill level 10 in Fighting
 26773 | Swamp:1  | Entered Level 1 of the Swamp
 26808 | Swamp:1  | Noticed Louise
 26835 | Swamp:1  | Killed Louise
 26856 | Swamp:1  | You fall into a shaft and drop 1 floor!
 27031 | Swamp:2  | Noticed Nikola
 27129 | Swamp:2  | Noticed Aizul
 27142 | Swamp:2  | HP: 6/141 [Aizul (15)]
 27142 | Swamp:2  | Slain by an eleionoma

Illustrated notes

Levels and vault maps discovered:
D:1:      minmay_arrival_open_corners, layout_loops_ring,
          amcnicky_mini_pool_small, minmay_misc_feat_four_crosses,
          hangedman_feature_mirror, minmay_pentomino_x2
D:2:      layout_loops_ring, basic_ecumenical_altar
D:3:      gammafunk_wand_slinger, layout_rooms, gammafunk_temple_overflow_arena,
          lemuel_tele_altar, grunt_qazlal_clouds, uniq_ijyb
D:4:      layout_basic, general_overflow_altar, chequers_garden,
          minmay_ogre_servants, uniq_duvessa
D:5:      layout_basic
D:6:      layout_loops_ring, nicolae_tso_carved_into_rock,
          kiku_gazebo_garden_becter, minmay_temple_entry_butterflies,
          minmay_pentangle
D:7:      gammafunk_the_bubble [the_bubble_gammafunk_roulette], layout_basic,
          kennysheep_little_box, hangedman_abyss_or_decor_jellyfish_corner
D:8:      layout_rooms, lightli_temple_of_fire, erik_lair_orcish_takeover,
          serial_shops, shop, shop, uniq_maggie
D:9:      layout_basic, lemuel_round_altar, nicolae_uskayaw_dance_studio,
          nicolae_straight_to_the_point
D:10:     layout_long_grid, nicolae_overflow_hidden_temple, kennysheep_mini,
          david_orc_5, serial_shops, nicolae_shop_behind_doors,
          serial_bayou_pond_b
D:11:     layout_irregular_city, serial_rivers, chequers_serial_rivers_micro_b,
          chequers_serial_rivers_large_b, chequers_serial_rivers_micro_d,
          chequers_serial_rivers_large_a, chequers_serial_rivers_micro_c,
          chequers_serial_rivers_micro_c, hangedman_corner_corridor, uniq_snorg
D:12:     layout_stronghold, introduction_to_nature_2, uniq_maurice
D:13:     layout_roguey, erik_vaults_1, serial_shops, kennysheep_mini_moat
D:14:     layout_rooms, okawaru_trees_2, serial_shops,
          nicolae_shop_temple_entry_statues_fountains, minmay_misc_feat_doors,
          serial_bayou_lagoon_a, minmay_fractal_squares_gapless_7
Temple:   eino_temple_lava
Lair:1:   layout_small_grid, minivault_24
Lair:2:   layout_gridlike, spider_nest_entry_rubble, beast_lair_carwin_7
Lair:3:   layout_roguey
Lair:4:   layout_regular_city, palyth_hydra_swamp_entry, lemuel_fruit_fields
Lair:5:   layout_regular_city, minivault_27, kennysheep_abandoned_house
Lair:6:   evilmike_catoblepas_cave, layout_regular_city, slime_altar_1
Swamp:1:  layout_basic_swamp, nicolae_swamp_fairy_circle, swamp_pool1,
          uniq_josephine, uniq_louise
Swamp:2:  nicolae_swamp_tree_isthmus, layout_basic_swamp,
          nicolae_swamp_triple_paths, infiniplex_staircase_pool, uniq_nikola,
          uniq_aizul
Orc:1:    layout_diamond_mine, uniq_harold
Orc:2:    st_orc_pillars, layout_caves, lemuel_statue_altar

Skill      XL: |  1  2  3  4  5  6  7  8  9 10 11 12 13 14 15 16 |
---------------+-------------------------------------------------+-----
Stealth        | 1 2 3 5 6 8 |  8.4
Dodging        | 3 4 6 7 8 9 10 11 12 | 12.9
Unarmed Combat | 4 5 7 8 9 10 11 12 13 14 | 14.6
Poison Magic   | 1 2 3 4 |  4.0
Transmutations | 3 4 5 6 7 8 9 10 11 12 | 12.4
Spellcasting   | 3 4 5 6 |  6.0
Fighting       | 4 5 6 7 9 10 | 10.3
Shields        | 3 4 5 8 |  8.0
Evocations     | 5 8 9 |  9.0

Action                   |  1- 3 |  4- 6 |  7- 9 | 10-12 | 13-15 | 16-18 || total
-------------------------+-------+-------+-------+-------+-------+-------++-------
Melee: Unarmed           |    91 |   141 |   347 |   573 |   509 |   378 ||  2039
       Constrict         |    25 |    23 |    18 |     9 |     1 |     1 ||    77
       Tentacles         |    10 |    13 |    20 |     7 |       |     1 ||    51
       Kick              |    16 |    16 |    18 |     7 |       |       ||    57
       Punch             |     2 |     3 |     5 |     1 |       |       ||    11
Throw: Dart              |       |       |     5 |       |       |       ||     5
 Cast: Beastly Appendage |    18 |    10 |    15 |     5 |       |     1 ||    49
       Spider Form       |       |     7 |    28 |    34 |     2 |       ||    71
       Hydra Form        |       |       |       |    28 |    60 |    47 ||   135
Evoke: Wand              |       |       |       |     1 |    10 |     8 ||    19
  Use: Scroll            |     2 |     5 |    10 |     8 |     6 |     1 ||    32
       Potion            |       |       |     3 |     1 |     1 |     3 ||     8
 Stab: Sleeping          |     8 |    17 |     3 |     6 |     3 |     1 ||    38
       Distracted        |       |       |       |     3 |       |     2 ||     5
       Petrified         |       |       |       |       |     5 |       ||     5
Armor: Skin              |     4 |     6 |    14 |   120 |   176 |   124 ||   444
Dodge: Dodged            |    37 |    84 |   232 |   403 |   213 |   169 ||  1138
Block: Buckler           |       |       |       |       |     2 |       ||     2

Table legend: (Time is in decaauts)
 A = Elapsed time spent in this place.
 B = Non-inter-level travel time spent in this place.
 C = Inter-level travel time spent in this place.
 D = Time resting spent in this place.
 E = Time spent auto-exploring this place.
 F = Levels seen in this place.
 G = Mean time per level.
                   A        B        C        D        E       F      G
               +--------+--------+--------+--------+--------+-----+--------+
         Total |  26764 |  23394 |   3370 |   1101 |  15186 |  25 | 1070.6 |
       Dungeon |  15635 |  13624 |   2011 |    436 |   9196 |  14 | 1116.8 |
        Temple |     16 |     16 |      0 |      0 |      0 |   1 |   16.0 |
          Lair |   8575 |   7374 |   1201 |    319 |   4848 |   6 | 1429.2 |
         Swamp |    339 |    339 |      0 |     48 |    161 |   2 |  169.5 |
  Orcish Mines |   2197 |   2042 |    155 |    298 |    981 |   2 | 1098.5 |
               +--------+--------+--------+--------+--------+-----+--------+

Top non-repeatable levels by time:
     D:7: 1627 daAuts
   Orc:2: 1617 daAuts
  Lair:3: 1506 daAuts
     D:4: 1475 daAuts
  Lair:1: 1475 daAuts
  Lair:4: 1457 daAuts
  Lair:6: 1423 daAuts
  Lair:2: 1420 daAuts
     D:8: 1360 daAuts
     D:6: 1331 daAuts
  Lair:5: 1293 daAuts
     D:5: 1216 daAuts
    D:11: 1141 daAuts
    D:12: 1127 daAuts
     D:9: 1096 daAuts
